 Dungeon Crawl Stone Soup version 0.20-a0-631-g6870b83 (webtiles) character file.

900 MirrMurr the Cutter (level 7, -19/35 HPs)
             Began as a Spriggan Berserker on Feb 11, 2017.
             Was a Priest of Trog.
             Demolished by an ogre
             ... wielding a +0 giant spiked club
              (28 damage)
             ... on level 4 of the Dungeon.
             The game lasted 00:19:47 (8231 turns).

MirrMurr the Cutter (Spriggan Berserker)            Turns: 8231, Time: 00:19:47

Health: -19/35     AC:  3    Str: 13    XL:     7   Next: 79%
Magic:  8/8        EV: 20    Int:  9    God:    Trog [***...]
Gold:   4          SH:  0    Dex: 17    Spells: 6/6 levels left

rFire    . . .     SeeInvis +   a - +1 dagger (speed)
rCold    . . .     Gourm    .   p - +1 robe
rNeg     . . .     Faith    .   (shield restricted)
rPois    .         Spirit   .   (helmet restricted)
rElec    .         Reflect  .   (no cloak)
rCorr    +         Harm     .   (gloves unavailable)
MR       +....                  (boots unavailable)
Stlth    +++.......             (no amulet)
Regen    0.2/turn               (no ring)
                                i - ring of resist corrosion

@: very quick
A: unfitting armour, see invisible, herbivore 3, speed 3, slow metabolism 2
a: Berserk, Trog's Hand, Burn Spellbooks, Renounce Religion


You were on level 4 of the Dungeon.
You worshipped Trog.
Trog was most pleased with you.
You were hungry.

You visited 2 branches of the dungeon, and saw 5 of its levels.

You collected 101 gold pieces.
You spent 97 gold pieces at shops.

Inventory:

Hand Weapons
 a - a +1 dagger of speed (weapon)
 f - a +0 short sword
Missiles
 e - 84 stones
 h - 90 sling bullets
 o - 26 poisoned needles
 q - a throwing net
 r - 2 tomahawks (quivered)
Armour
 p - a +1 robe (worn)
Jewellery
 i - a ring of resist corrosion (left hand)
Scrolls
 c - 2 scrolls of teleportation
 s - a scroll of blinking
Potions
 b - a potion of magic
 d - 2 potions of brilliance
 g - 2 potions of cancellation {unknown}
 k - 2 potions of flight {unknown}
 l - a potion of curing {unknown}
 m - a potion of haste {unknown}
 n - a potion of ambrosia {unknown}


   Skills:
 - Level 2.4 Fighting
 * Level 7.7 Short Blades
 + Level 4.2 Throwing
 - Level 4.4 Dodging
 + Level 6.5 Stealth


You had 6 spell levels left.
You didn't know any spells.

Dungeon Overview and Level Annotations

Branches:
Dungeon (4/15)             Temple (1/1) D:4

Altars:
Ashenzari
Dithmenos
Fedhas
Hepliaklqana
Yredelemnul

Shops:
D:4 ?


Innate Abilities, Weirdness & Mutations

You are very small and have problems with some larger weapons.
You are too small for most types of armour.
You have supernaturally acute eyesight. (SInv)
You are a herbivore.
You cover ground extremely quickly.
You need consume almost no food.


Message History

The ogre completely misses you.
You hit the ogre but do no damage.
The ogre is heavily wounded.
You hit the ogre.
The ogre is heavily wounded.
You completely miss the ogre.
The ogre is heavily wounded.
The ogre hits you with a giant spiked club!
* * * LOW HITPOINT WARNING * * *
You hit the ogre but do no damage.
The ogre is heavily wounded.
You hit the ogre but do no damage.
The ogre is heavily wounded.
You barely miss the ogre.
The ogre is heavily wounded.
You barely miss the ogre.
The ogre is heavily wounded.
The ogre hits you with a giant spiked club!!
Ouch! That really hurt!
You die...

..........................#
..........................#
..........................#
..........................#
..........................#
..........................#
#'###..........(..........#
#.# #.....................#
#.# #...........@O........#
#.###.....................#
#..........†..............#
..........................#
..........................#
.......####.##########..###
.......# #.# ..>.. ....####
#.# ##+#### ....# #.#


You could see an ogre.

Vanquished Creatures
  2 ogres (D:4)
  A crimson imp (D:2)
  A hound (D:3)
  4 orc priests
  4 orc wizards
  A bullfrog skeleton (D:4)
  A centaur skeleton (D:4)
  3 iguanas (D:4)
  Ijyb (D:3)
  2 worker ants (D:4)
  6 adders
  3 gnolls (D:2)
  A shadow imp (D:4)
  An ooze (D:3)
  2 worms (D:2)
  4 dart slugs
  5 leopard geckos
  20 orcs
  6 giant cockroaches
  7 goblins
  9 hobgoblins
  18 jackals
  8 kobolds
  6 bats
  3 frilled lizards
  7 rats
126 creatures vanquished.

Notes
Turn   | Place    | Note
-------+----------+-------------------------------------------
     0 | D:1      | MirrMurr the Spriggan Berserker began the quest for the Orb.
     0 | D:1      | Reached XP level 1. HP: 11/11 MP: 2/2
   272 | D:1      | Reached XP level 2. HP: 15/16 MP: 3/3
   283 | D:1      | Reached skill level 1 in Throwing
   608 | D:1      | Reached skill level 1 in Stealth
  1133 | D:1      | Reached XP level 3. HP: 16/19 MP: 4/4
  1135 | D:1      | Reached ** piety under Trog
  1622 | D:2      | Reached skill level 4 in Short Blades
  1974 | D:2      | Reached XP level 4. HP: 23/23 MP: 5/5
  2666 | D:3      | Found a shadowy altar of Dithmenos.
  2746 | D:3      | Noticed Ijyb
  2803 | D:3      | Killed Ijyb
  2803 | D:3      | Reached XP level 5. HP: 21/27 MP: 6/6
  3014 | D:3      | Reached skill level 5 in Short Blades
  3448 | D:2      | Reached *** piety under Trog
  4171 | D:4      | Reached XP level 6. HP: 32/32 MP: 7/7
  4815 | D:4      | Noticed a hungry ghost
  4898 | D:4      | Reached skill level 6 in Short Blades
  4992 | D:4      | Reached skill level 5 in Stealth
  5255 | D:4      | Found a hazy altar of Hepliaklqana.
  5309 | D:4      | Found a staircase to the Ecumenical Temple.
  5402 | D:4      | Reached XP level 7. HP: 13/35 MP: 8/8
  5804 | D:3      | Reached skill level 7 in Short Blades
  7073 | Temple   | Entered the Ecumenical Temple
  7625 | D:4      | Found Qitoef's Magic Scroll Shoppe.
  7633 | D:4      | Bought a scroll of blinking for 97 gold pieces
  8231 | D:4      | Demolished by an ogre

Vault maps used:
D:1:      dpeg_arrival_tiny_h, hex_large
D:3:      marbit_many_paths, uniq_iyjb
D:4:      lemuel_coloured_pillars_altar, minmay_temple_entry_butterflies,
          first_bread, serial_shops, shop, minmay_goblin_kobold_house
Temple:   minmay_temple_curvy_loop

Skill      XL: |  1  2  3  4  5  6  7 |
---------------+----------------------+-----
Throwing       | 1 2 3 4 |  4.2
Stealth        | 1 2 3 4 5 6 |  6.5
Short Blades   | 4 5 6 7 |  7.7
Fighting       | |  2.4
Dodging        | |  4.4

Action                   |  1- 3 |  4- 6 |  7- 9 || total
-------------------------+-------+-------+-------++-------
Melee: Dagger            |   163 |   505 |   369 ||  1037
       Short sword       |    12 |       |       ||    12
Throw: Stone             |       |       |    30 ||    30
       Tomahawk          |       |       |     5 ||     5
Invok: Berserk           |     2 |     4 |     2 ||     8
       Trog's Hand       |     1 |     2 |     2 ||     5
  Use: Scroll            |     2 |     7 |       ||     9
 Stab: Sleeping          |     1 |     5 |       ||     6
       Distracted        |       |       |     1 ||     1
  Eat: Fruit             |     1 |     1 |     2 ||     4
       Bread ration      |       |     2 |       ||     2
Armor: Animal skin       |    14 |     2 |       ||    16
       Robe              |       |    24 |     9 ||    33
Dodge: Dodged            |    95 |   226 |   139 ||   460
